 Dungeon Crawl Stone Soup version 0.26.1-11-gd32895ea62 (webtiles) character file.

Game seed: 12317222494705477704

113 worthlessgem the Digger (level 5, -1/35 HPs)
             Began as a Formicid Earth Elementalist on Sept 21, 2021.
             Slain by an orc priest
             ... wielding a +0 club
              (2 damage)
             ... on level 3 of the Dungeon.
             The game lasted 00:15:35 (2704 turns).

worthlessgem the Digger (FoEE)                      Turns: 2704, Time: 00:15:36

Health: -1/35      AC:  3    Str: 14    XL:     5   Next: 17%
Magic:  4/8        EV: 12    Int: 14    God:
Gold:   93         SH:  0    Dex: 11    Spells: 2/8 levels left

rFire    . . .     SeeInvis +   a - +0 mace
rCold    . . .     Faith    .   (no shield)
rNeg     . . .     Spirit   .   c - +1 robe
rPois    .         Reflect  .   (helmet unavailable)
rElec    .         Harm     .   (no cloak)
rCorr    .         Rampage  .   (no gloves)
Will     .....                  (no boots)
Stlth    ++........             (no amulet)
HPRegen  0.11/turn              (no ring)
MPRegen  0.11/turn              (no ring)

@: no status effects
A: permanent stasis, dig shafts and tunnels, four strong arms, antennae 3
a: Dig, Shaft Self


You were on level 3 of the Dungeon.
You visited 1 branch of the dungeon, and saw 3 of its levels.

You collected 93 gold pieces.

Inventory:

Hand Weapons
 a - a +0 mace (weapon)
Missiles
 b - 129 stones
 o - 12 poisoned darts (quivered)
Armour
 c - a +1 robe (worn)
Jewellery
 h - an uncursed ring of see invisible {unknown}
Scrolls
 d - a scroll of fear {unknown}
 g - a scroll of fog {unknown}
 i - a scroll of noise {unknown}
 n - 2 scrolls of enchant armour
Potions
 f - a potion of heal wounds
 j - a potion of lignification


   Skills:
 - Level 1.7 Dodging
 - Level 2.4 Stealth
 * Level 2.3 Spellcasting
 - Level 2.0 Conjurations
 - Level 1.1 Transmutations
 + Level 5.8 Earth Magic


You had 2 spell levels left.
You knew the following spells:

 Your Spells              Type           Power        Failure   Level
a - Sandblast             Erth           34%          2%          1
b - Passwall              Tmut/Erth      9%           9%          2
c - Stone Arrow           Conj/Erth      24%          14%         3

Your spell library contained the following spells:

 Spells                   Type           Power        Failure   Level
 Petrify                  Tmut/Erth      11%          50%         4
 Lee's Rapid Deconstruct  Erth           8%           52%         5


Dungeon Overview and Level Annotations

Branches:
Dungeon (3/15)

Altars:
Okawaru
Ru


Innate Abilities, Weirdness & Mutations

You cannot be hasted, slowed, berserked, paralysed or teleported.
You can dig through walls and to a lower floor.
Your four strong arms can wield two-handed weapons with a shield.
You have a pair of large antennae on your head. (SInv)


Message History

Casting: Sandblast (safe; 2% risk of failure)
Confirm with . or Enter, or press ? or * to list all spells.
Aiming: Sandblast (safe; 2% risk of failure)
Press: ? - help, Shift-Dir - straight line, f/p - orc priest
Aim: an orc priest, wielding a +0 club and wearing a +0 leather armour (heavily wounded, 21% to evade)
The blast of sand hits the orc priest.
The orc priest is severely wounded.
b - 130 stones The orc priest hits you with a +0 club.
* * * LOW HITPOINT WARNING * * *
Casting: Sandblast (safe; 2% risk of failure)
Confirm with . or Enter, or press ? or * to list all spells.
Aiming: Sandblast (safe; 2% risk of failure)
Press: ? - help, Shift-Dir - straight line, f/p - orc priest
Aim: an orc priest, wielding a +0 club and wearing a +0 leather armour (severely wounded, 21% to evade)
The blast of sand hits the orc priest.
The orc priest is almost dead.
b - 129 stones The orc priest hits you with a +0 club.
You die...

#.#########.#
#........o{.#
########)####
####.#
##†#).#
##.#.#.#
#.####.# ##o#
#.# #@## #.#
##.# #.# #.##
#.# ##[# #.#
#.## #.# ###
#.# { { #.#
#.# {{ #.# {


You could see an orc priest.

Vanquished Creatures
  An orc priest (D:3)
  2 adders (D:2)
  An ooze (D:1)
  A worm (D:2)
  2 dart slugs
  A leopard gecko (D:1)
  4 orcs (D:3)
  3 giant cockroaches
  3 hobgoblins
  7 jackals
  8 bats
  3 frilled lizards
  5 goblins (D:1)
  4 kobolds
  7 rats
52 creatures vanquished.

Notes
Turn   | Place    | Note
-------+----------+-------------------------------------------
     0 | D:1      | worthlessgem the Formicid Earth Elementalist began the
                  | quest for the Orb.
     0 | D:1      | Reached XP level 1. HP: 13/13 MP: 3/3
   340 | D:1      | Reached skill level 4 in Earth Magic
   411 | D:1      | Reached XP level 2. HP: 18/19 MP: 5/5
   416 | D:1      | Learned a level 2 spell: Passwall
   919 | D:1      | Reached XP level 3. HP: 24/24 MP: 6/6
   923 | D:1      | Learned a level 3 spell: Stone Arrow
  1189 | D:1      | Reached skill level 5 in Earth Magic
  1310 | D:2      | Reached skill level 1 in Conjurations
  1695 | D:2      | Found a sacrificial altar of Ru.
  1725 | D:2      | Reached XP level 4. HP: 19/30 MP: 1/7
  2278 | D:2      | Found an iron altar of Okawaru.
  2620 | D:3      | Reached XP level 5. HP: 35/35 MP: 5/8
  2703 | D:3      | HP: 1/35 [orc priest/+0 club (5)]
  2704 | D:3      | Slain by an orc priest

Illustrated notes

Levels and vault maps discovered:
D:1:      dpeg_arrival_rooms_a, layout_basic
D:2:      layout_basic, nicolae_ru_great_annihilating_truth,
          overflow_temple_1_default, chequers_mini_garden,
          minmay_misc_feat_tower
D:3:      layout_loops_ring, grunt_qazlal_sundering, grunt_ministairs_2,
          uniq_robin, uniq_sigmund

Skill      XL: |  1  2  3  4 |
---------------+-------------+-----
Earth Magic    | 4 5 |  5.8
Conjurations   | 1 2 |  2.0
Dodging        | |  1.7
Stealth        | |  2.4
Spellcasting   | |  2.3
Transmutations | |  1.1

Action                   |  1- 3 |  4- 6 || total
-------------------------+-------+-------++-------
Melee: Hand axe          |    75 |       ||    75
       Unarmed           |     5 |       ||     5
       Mace              |    14 |    51 ||    65
       Dagger            |       |     5 ||     5
Throw: Stone             |     2 |       ||     2
       Dart              |       |     5 ||     5
 Cast: Passwall          |     7 |     1 ||     8
       Sandblast         |     7 |    14 ||    21
 Abil: Dig               |     3 |     3 ||     6
  Use: Scroll            |       |     7 ||     7
 Stab: Sleeping          |     5 |     1 ||     6
       Paralysed         |       |     3 ||     3
Armor: Robe              |    24 |    12 ||    36
Dodge: Dodged            |    78 |    59 ||   137
